 Dungeon Crawl Stone Soup version 0.29-a0-82-g837932c90e (webtiles) character file.

Game seed: 10536479965606189974

179 HallandMoats the Skirmisher (level 5, 0/42 HPs)
             Began as a Demonspawn Fighter on Feb 5, 2022.
             Was a Follower of Nemelex Xobeh.
             Slain by Sigmund (4 damage)
             ... on level 3 of the Dungeon.
             The game lasted 00:03:28 (2716 turns).

HallandMoats the Skirmisher (Demonspawn Fighter)    Turns: 2716, Time: 00:03:28

Health: 0/42       AC:  7    Str: 18    XL:     5   Next: 32%
Magic:  7/7        EV: 10    Int:  9    God:    Nemelex Xobeh [*.....]
Gold:   117        SH:  0    Dex: 13    Spells: 4/4 levels left

rFire   . . .      SeeInvis .     - Unarmed
rCold   . . .      Faith    .   (no shield)
rNeg    . . .      Spirit   .   b - +0 scale mail
rPois   .          Reflect  .   n - +0 helmet
rElec   .          Harm     .   (no cloak)
rCorr   .          Rampage  .   (no gloves)
Will    .....                   (no boots)
Stlth   ..........              (no amulet)
HPRegen 0.14/turn               (no ring)
MPRegen 0.10/turn               (no ring)

@: confused
A: claws 1, hooves 1, demonic guardian 2
a: Renounce Religion, Draw Escape, Draw Destruction, Draw Summoning


You were on level 3 of the Dungeon.
You worshipped Nemelex Xobeh.
Nemelex Xobeh was aware of your devotion.
You visited 1 branch of the dungeon, and saw 3 of its levels.

You collected 117 gold pieces.

Inventory:

Hand Weapons
 a - a +0 trident
Armour
 b - a +0 scale mail (worn)
 c - a +0 buckler
 n - a +0 helmet (worn)
Wands
 p - a wand of mindburst (6)
Scrolls
 f - a scroll of vulnerability {unknown}
 g - 3 scrolls of teleportation {unknown}
 h - a scroll of immolation {unknown}
 i - 2 scrolls of identify {unknown}
 k - a scroll of noise {unknown}
 m - a scroll of torment {unknown}
 q - a scroll of holy word {unknown}
Potions
 d - a potion of might
 e - a potion of magic {unknown}
 j - 3 potions of mutation {unknown}
 l - a potion of attraction {unknown}
 o - 2 potions of curing {unknown}


   Skills:
 * Level 3.8 Fighting
 - Level 2.2 Polearms
 + Level 3.1 Armour
 + Level 1.4 Dodging
 + Level 3.1 Shields
 * Level 1.1 Unarmed Combat
 * Level 3.0 Invocations


You had 4 spell levels left.
You didn't know any spells.
Your spell library contained the following spells:

 Spells                   Type           Power      Damage    Failure   Level
 Frozen Ramparts          Ice            0%         1d2       98%         3
 Gell's Gravitas          Tloc           0%         N/A       98%         3
 Teleport Other           Tloc           0%         N/A       98%         3
 Airstrike                Air            0%         N/A       100%        4
 Ice Form                 Ice/Tmut       0%         N/A       100%        4
 Summon Ice Beast         Ice/Summ       0%         N/A       100%        4
 Summon Lightning Spire   Summ/Air       0%         N/A       100%        4
 Iskenderun's Battlesphe  Conj           0%         2d6       100%        5
 Lightning Bolt           Conj/Air       0%         1d11      100%        5
 Dispersal                Tloc           0%         N/A       100%        6
 Iron Shot                Conj/Erth      0%         9d1       100%        6
 Spellforged Servitor     Conj/Summ      0%         N/A       100%        7


Dungeon Overview and Level Annotations

Branches:
Dungeon (3/15)

Altars:
Kikubaaqudgha
Nemelex Xobeh

Annotations:
D:3 Sigmund


Innate Abilities, Weirdness & Mutations

You have sharp fingernails.
You have large cloven feet.
A demonic guardian rushes to your aid.


Message History

No target in view!
No target in view!
j - 3 smoky black potions (gained 1)
Found a faded altar of an unknown god.
Sigmund the Dreaded comes into view.
He is wielding a +0 scythe.
Sigmund barely misses you.
Sigmund is nearby!
Sigmund is nearby!
Sigmund is nearby!
Sigmund casts a spell.
Sigmund flickers and vanishes!
Deactivating autopickup; reactivate with Ctrl-A.
There is a faded altar of an unknown god here.
You cannot tell which god this altar belongs to.
Convert to them anyway?
Nemelex Xobeh accepts your prayer! Nemelex Xobeh welcomes you!
You can now draw from decks of power.
Nemelex will now gift you decks of power as you gain piety.
Unknown command.
Press < or > to pray at altars.
Something completely misses you.
There is a sparkling altar of Nemelex Xobeh here.
You miss something. Something hits you.
You barely miss something. Your kick misses something. You scratch something.
Something hits you.
You closely miss something. You kick something. Something hits you!
You scratch something. Your kick misses something. You closely miss something.
You kick something. Your claw misses something. Something hits you!
A demonic guardian appears!
You hear some strange, mumbled words.
You are confused.
Something hits you.
* * * LOW HITPOINT WARNING * * *
You're too confused to move!
You bump into the rock wall.
Something hits you.
* * * LOW HITPOINT WARNING * * *
A demonic guardian appears!
Something hits you.
You die...
Your body disappears without a glow.

## # .##
#.#############..#
#..#...#.#...#...#
#..#.#.#.#.#.#...#
#.........P......#
#..#.#.#.#.#.#†..#
#####..#...#@#...#...#
....$..#.#.#.#.#.#...#
#.....P{4........#
#..#.#.#P#4#.#...# ..#
#...#...#P#...#...#
#.#
#..#############..#
#.### #.. .........#
#... ... .####....#
#..# ### #[..##


You could see a friendly orange demon (summoned) and a friendly hellwing
(summoned).

Vanquished Creatures
  An orc priest (D:2)
  Robin (D:1)
  2 gnolls (D:2)
  2 adders
  A dart slug (D:1)
  6 orcs
  12 ball pythons
  5 bats
  6 endoplasms
  2 giant cockroaches
  12 goblins
  6 hobgoblins
  4 kobolds
  2 quokkas (D:1)
  3 frilled lizards
  3 rats
68 creatures vanquished.

Vanquished Creatures (collateral kills)
  2 gnolls (D:2)
  An orc (D:2)
  A hobgoblin (D:1)
4 creatures vanquished.

Vanquished Creatures (others)
  5 fungi (D:3)
  5 plants (D:3)
10 creatures vanquished.

Grand Total: 82 creatures vanquished

Notes
Turn   | Place    | Note
-------+----------+-------------------------------------------
     0 | D:1      | HallandMoats the Demonspawn Fighter began the quest for the
                  | Orb.
     0 | D:1      | Reached XP level 1. HP: 18/18 MP: 1/1
   237 | D:1      | Gained mutation: A weak demonic guardian rushes to your
                  | aid. [demonic ancestry]
   237 | D:1      | Reached XP level 2. HP: 24/24 MP: 2/2
   259 | D:1      | Reached skill level 1 in Invocations
   682 | D:1      | Discovered your monstrous ancestry.
   682 | D:1      | Gained mutation: You have large cloven feet. [demonic
                  | ancestry]
   682 | D:1      | Reached XP level 3. HP: 29/29 MP: 2/4
  1067 | D:2      | Noticed Robin
  1080 | D:1      | Killed Robin
  1185 | D:2      | Gained mutation: You have sharp fingernails. [demonic
                  | ancestry]
  1185 | D:2      | Reached XP level 4. HP: 32/35 MP: 5/5
  1291 | D:2      | Reached skill level 1 in Dodging
  1722 | D:2      | Found an ancient bone altar of Kikubaaqudgha.
  2212 | D:2      | Reached skill level 1 in Unarmed Combat
  2212 | D:2      | Gained mutation: A demonic guardian rushes to your aid.
                  | [demonic ancestry]
  2212 | D:2      | Reached XP level 5. HP: 6/42 MP: 5/7
  2689 | D:3      | Found a faded altar of an unknown god.
  2695 | D:3      | Noticed Sigmund
  2702 | D:3      | Prayed at the altar of an unknown god.
  2702 | D:3      | Became a worshipper of Nemelex Xobeh the Trickster
  2702 | D:3      | Reached * piety under Nemelex Xobeh
  2716 | D:3      | Slain by Sigmund

Illustrated notes

Levels and vault maps discovered:
D:1:      lightli_arrival_windingriver, layout_loops_ring
D:2:      layout_basic, basic_altar, uniq_robin
D:3:      layout_loops_ring, overflow_temple_1_default,
          shapermc_ecumenical_altar_mp_urbaneastern, st_stairs_6, uniq_sigmund

Skill      XL: |  1  2  3  4  5 |
---------------+----------------+-----
Polearms       | 2 |  2.2
Invocations    | 1 2 3 |  3.0
Shields        | 3 |  3.1
Dodging        | 1 |  1.4
Armour         | 3 |  3.1
Unarmed Combat | 1 |  1.1
Fighting       | |  3.8

Action                   |  1- 3 |  4- 6 || total
-------------------------+-------+-------++-------
Melee: Trident           |    82 |     3 ||    85
       Kick              |     5 |    33 ||    38
       Unarmed           |       |   112 ||   112
       Punch             |       |     1 ||     1
Armor: Scale mail        |    25 |    42 ||    67
Dodge: Dodged            |    27 |    49 ||    76
Block: Buckler           |    13 |       ||    13

Table legend: (Time is in decaauts)
 A = Elapsed time spent in this place.
 B = Non-inter-level travel time spent in this place.
 C = Inter-level travel time spent in this place.
 D = Time resting spent in this place.
 E = Time spent auto-exploring this place.
 F = Levels seen in this place.
 G = Mean time per level.
                   A        B        C        D        E       F      G
               +--------+--------+--------+--------+--------+-----+--------+
         Total |   2740 |   2705 |     35 |    384 |   1872 |   3 |  913.3 |
       Dungeon |   2740 |   2705 |     35 |    384 |   1872 |   3 |  913.3 |
               +--------+--------+--------+--------+--------+-----+--------+

Top non-repeatable levels by time:
     D:2: 1416 daAuts
     D:1: 1004 daAuts
     D:3: 320 daAuts
